 Dungeon Crawl Stone Soup version 0.28.0-53-g5a82cb258f (webtiles) character file.

Game seed: 5847176983558683100

192 Sin92 the Skirmisher (level 5, -13/42 HPs)
             Began as a Demonspawn Fighter on June 28, 2022.
             Mangled by an ogre
             ... wielding a +0 giant club
              (23 damage)
             ... on level 4 of the Dungeon.
             The game lasted 00:02:03 (3082 turns).

Sin92 the Skirmisher (Demonspawn Fighter)           Turns: 3082, Time: 00:02:03

Health: -13/42     AC: 14    Str: 19    XL:     5   Next: 42%
Magic:  5/5        EV:  9    Int:  9    God:
Gold:   122        SH:  8    Dex: 12    Spells: 4/4 levels left

rFire   . . .      SeeInvis .   a - +1 trident (chaos)
rCold   . . .      Faith    .   c - +0 buckler
rNeg    . . .      Spirit   .   b - +0 scale mail
rPois   .          Reflect  .   (no helmet)
rElec   .          Harm     .   (no cloak)
rCorr   .          Rampage  .   p - +0 pair of gloves
Will    .....                   (no boots)
Stlth   ..........              (no amulet)
HPRegen 0.14/turn               (no ring)
MPRegen 0.09/turn               (no ring)

@: mighty, sanguine armoured
A: sanguine armour 1, condensation shield
a: no special abilities


You were on level 4 of the Dungeon.
You visited 1 branch of the dungeon, and saw 5 of its levels.

You collected 122 gold pieces.

Inventory:

Hand Weapons
 a - a +1 trident of chaos (weapon)
Armour
 b - a +0 scale mail (worn)
 c - a +0 buckler (worn)
 p - a +0 pair of gloves (worn)
Jewellery
 j - an amulet of the acrobat
Wands
 o - a wand of polymorph (8)
Scrolls
 e - 2 scrolls of teleportation
 k - 2 scrolls of amnesia
 m - a scroll of identify
Potions
 f - a potion of curing
 g - a potion of degeneration {unknown}
 h - a potion of magic {unknown}
 i - a potion of heal wounds {unknown}


   Skills:
 + Level 3.7 Fighting
 * Level 3.3 Polearms
 + Level 3.3 Armour
 + Level 1.7 Dodging
 + Level 3.2 Shields


You had 4 spell levels left.
You didn't know any spells.
Your spell library contained the following spells:

 Spells                   Type           Power      Damage    Failure   Level
 Ensorcelled Hibernation  Hex/Ice        0%         N/A       94%         2
 Passwall                 Tmut/Erth      0%         N/A       94%         2
 Swiftness                Air            0%         N/A       99%         3


Dungeon Overview and Level Annotations

Branches:
Dungeon (5/15)
 Temple: D:4-7

Altars:
Qazlal


Innate Abilities, Weirdness & Mutations

When seriously injured, your blood forms armour. (AC +6)
A meltable shield of frost defends you. (SH +4)


Message History

The sky beast is severely wounded.
The sky beast closely misses you.
You closely miss the sky beast.
The sky beast is severely wounded.
You block the sky beast's attack.
You hit the sky beast.
The sky beast is severely wounded.
The sky beast blinks!
You puncture the sky beast!
You kill the sky beast!
Your Polearms skill increases to level 3!
You have reached level 5!
There is an escape hatch in the ceiling here.
A mysterious force pulls you upwards. The hatch slams shut behind you.
The ogre shouts!
The goblin shouts!
You hear an angry hiss.
You hear a shout!
Found a stone staircase leading up.
The ogre barely misses you.
A kobold comes into view. It is wielding a +0 dagger.
The kobold shouts!
The kobold moves out of view.
You block the goblin's attack.
There is a stone staircase leading up here.
You puncture the goblin! You burn the goblin.
You kill the goblin!
You puncture the ogre! You burn the ogre.
The ogre is moderately wounded.
The ogre hits you with a +0 giant club!!
Your blood congeals into armour.
A necrophage comes into view.
A giant cockroach comes into view.
You barely miss the ogre.
The ogre is moderately wounded.
The ogre hits you with a +0 giant club!
* * * LOW HITPOINT WARNING * * *
You block the kobold's attack.
Unknown command.
You puncture the ogre!
The ogre is almost dead.
The ogre hits you with a +0 giant club!!
Ouch! That really hurt!
You die...

.....##..
....##.####
....##.#..
...##.#.#
#+#.##.#.# #
#.#......###..##
#.#..#..........
#@O...........##
##KB.########.#
#...# ....##
#..n.# ......#
###..... #.....


You could see an ogre, a necrophage, a giant cockroach and a kobold.

Vanquished Creatures
  A sky beast (D:5)
  5 adders
  4 dart slugs
  7 endoplasms
  2 giant cockroaches
  6 goblins
  3 hobgoblins
  4 jackals (D:1)
  4 kobolds
  2 quokkas
  4 ball pythons
  6 bats
  3 rats
51 creatures vanquished.

Notes
Turn   | Place    | Note
-------+----------+-------------------------------------------
     0 | D:1      | Sin92 the Demonspawn Fighter began the quest for the Orb.
     0 | D:1      | Reached XP level 1. HP: 18/18 MP: 1/1
   344 | D:1      | Gained mutation: When seriously injured, your blood forms
                  | armour. (AC +6) [demonic ancestry]
   344 | D:1      | Reached XP level 2. HP: 24/24 MP: 2/2
  1024 | D:2      | Gained mutation: A meltable shield of frost defends you.
                  | (SH +4) [demonic ancestry]
  1024 | D:2      | Reached XP level 3. HP: 24/29 MP: 3/3
  1160 | D:2      | Reached skill level 1 in Dodging
  1681 | D:2      | Found a stormy altar of Qazlal.
  1956 | D:2      | Found a faded altar of an unknown god.
  2329 | D:3      | Reached XP level 4. HP: 35/35 MP: 4/4
  2899 | D:3      | You fall into a shaft and drop 2 floors!
  2899 | D:5      | Entered Level 5 of the Dungeon
  3047 | D:5      | Noticed a sky beast
  3055 | D:5      | Killed a sky beast
  3056 | D:5      | Reached XP level 5. HP: 34/42 MP: 5/5
  3071 | D:4      | Noticed an ogre
  3080 | D:4      | Noticed a necrophage
  3082 | D:4      | Mangled by an ogre

Illustrated notes

Levels and vault maps discovered:
D:1:      dpeg_arrival_snail, layout_loops_ring, hex_large
D:2:      layout_loops_corners, basic_ecumenical_altar, basic_altar
D:3:      cheibrodos_old_hovel, layout_basic, mainiacjoe_overflow_paths
D:4:      layout_basic, grunt_ministairs_9
D:5:      layout_basic, lemuel_temple_firewalk_b, enter_ossuary_2

Skill      XL: |  1  2  3  4 |
---------------+-------------+-----
Polearms       | 2 3 |  3.3
Armour         | 3 |  3.3
Dodging        | 1 |  1.7
Shields        | 3 |  3.2
Fighting       | |  3.7

Action                   |  1- 3 |  4- 6 || total
-------------------------+-------+-------++-------
Melee: Trident           |   129 |    47 ||   176
  Use: Scroll            |     3 |     4 ||     7
       Potion            |       |     1 ||     1
 Stab: Paralysed         |       |     1 ||     1
Armor: Scale mail        |    43 |    10 ||    53
Dodge: Dodged            |    44 |    10 ||    54
Block: Buckler           |    23 |    11 ||    34
